Map: Honorgrounds LE

Players

FanTchiz

  • Race: Zerg Zerg
  • League: Diamond
  • Spawn Location: 5:00

Musumeci - Winner!

  • Race: Zerg Zerg
  • League: Diamond
  • Spawn Location: 1:00

VOD

Have the link to the VOD?

Description

Time

  • Played on: March 26, 2017, 1:34 p.m.
  • Length: 17:04
Show
View Real Time Build Order
Export as new Build Order

FanTchiz Zerg 

Build Orders: Hatch First 

Get SALT Encoding   

  12  0:02  Drone  
  13  0:13  Overlord  
  13  0:18  Drone  
  14  0:26  Drone, Extractor  
  15  0:33  Drone  
  15  0:35  Drone  
  17  0:54  Hatchery  
  16  0:57  Drone  
  16  1:01  Drone  
  18  1:11  Extractor  
  18  1:17  Spawning Pool  
  18  1:18  Drone  
  17  1:23  Drone  
  18  1:30  Drone  
  19  1:48  Drone  
  20  1:56  Overlord  
  20  2:03  Queen  
  20  2:05  Queen  
  20  2:06  Zergling x2  
  20  2:07  Drone  
  26  2:12  Drone  
  27  2:17  Drone  
  28  2:24  Drone  
  28  2:28  Drone  
  30  2:35  Drone  
  31  2:40  Drone  
  32  3:02  Drone x3  
  32  3:03  Drone  
  36  3:25  Evolution Chamber, Zergling x2  
  36  3:27  Evolution Chamber  
  35  3:35  Drone  
  35  3:36  Hatchery, Drone  
  35  3:37  Overlord  
  35  3:38  Overlord  
  35  3:41  Hatchery  
  35  3:52  Zerg Melee Weapons Level 1  
  35  3:53  Zerg Ground Armor Level 1  
  35  3:54  Metabolic Boost  
  35  3:59  Drone x5, Extractor  
  35  4:00  Drone x4  
  43  4:12  Drone x2  
  43  4:13  Extractor  
  43  4:24  Zergling x4  
  43  4:30  Zergling x4  
  47  4:33  Zergling x4  
  49  4:39  Baneling Nest  
  44  4:47  Zergling x4  
  44  4:50  Hatchery  
  45  5:00  Drone x2  
  45  5:01  Drone x2  
  45  5:02  Drone x2  
  51  5:09  Lair  
  51  5:13  Drone x3  
  54  5:28  Zergling x4  
  54  5:29  Zergling x2  
  54  5:30  Overlord x2  
  54  5:31  Overlord  
  57  5:51  Zergling x2  
  57  5:52  Zergling x18  
  64  6:08  Spire  
  63  6:17  Baneling x4  
  63  6:18  Baneling x3, Zergling x2  
  63  6:19  Zergling x24  
  63  6:21  Zerg Melee Weapons Level 2  
  63  6:24  Zerg Ground Armor Level 2  
  72  6:36  Zergling x14  
  72  6:37  Zergling x2  
  71  6:47  Zergling x6  
  74  6:55  Baneling x2  
  74  6:56  Baneling  
  74  6:57  Baneling x5  
  74  7:02  Overseer  
  74  7:12  Drone x3  
  74  7:13  Drone x3, Extractor  
  74  7:15  Drone x4  
  83  7:27  Drone x3  
  83  7:28  Drone  
  87  7:30  Overlord x2  
  85  7:58  Hatchery  
  82  8:05  Mutalisk x6  
  83  8:07  Zergling x12  
  83  8:08  Zergling x10  
  83  8:09  Baneling x2  
  104  8:17  Overseer  
  100  8:25  Mutalisk  
  89  8:33  Zergling x18  
  89  8:40  Mutalisk x2  
  87  8:41  Zergling x2  
  87  8:42  Zergling x4  
  87  8:45  Drone x2  
  92  8:53  Zerg Flyer Weapons Level 1  
  92  8:57  Drone x4  
  92  9:00  Extractor x2  
  94  9:14  Infestation Pit  
  94  9:15  Mutalisk x2  
  94  9:16  Zergling x2  
  98  9:18  Zergling x16  
  98  9:22  Queen  
  108  9:30  Baneling x4  
  108  9:34  Overlord x2  
  108  9:41  Drone x2  
  108  9:42  Overlord  
  108  9:43  Overlord  
  108  9:44  Overlord  
  110  9:53  Hive  
  106  10:02  Pneumatized Carapace  
  106  10:06  Drone x3  
  109  10:07  Drone x3  
  109  10:08  Drone  
  109  10:09  Zergling x12  
  109  10:10  Zergling x8  
  123  10:24  Overlord  
  115  10:57  Baneling x5  
  115  10:58  Mutalisk x8, Baneling x6  
  115  11:00  Zergling x24  
  115  11:01  Zergling x4  
  145  11:10  Zerg Melee Weapons Level 3  
  145  11:18  Overlord x3  
  145  11:24  Centrifical Hooks  
  145  11:25  Overlord x3  
  145  11:26  Overlord x2  
  145  11:39  Zerg Ground Armor Level 3  
  145  11:46  Drone x4  
  149  11:47  Drone x3, Extractor  
  149  11:48  Drone x3  
  149  11:49  Zergling x8, Extractor  
  149  11:54  Baneling x9  
  157  11:55  Baneling  
  154  12:21  Mutalisk  
  154  12:22  Mutalisk x3  
  154  12:24  Zergling x2  
  154  12:25  Zergling x28  
  175  12:37  Greater Spire  
  175  12:38  Adrenal Glands  
  175  12:44  Zergling x2  
  175  12:45  Zergling x18  
  185  12:56  Baneling  
  185  12:57  Baneling x14  
  185  12:59  Zergling x2  
  185  13:00  Zergling x18  
  189  13:22  Overlord x2  
  186  13:46  Extractor  
  184  13:49  Hatchery  
  184  13:50  Zerg Flyer Armor Level 1  
  184  13:51  Corruptor x4  
  184  13:53  Extractor  
  189  13:57  Baneling x8  
  189  13:58  Baneling x19  
  189  13:59  Baneling  
  189  14:00  Baneling  
  189  14:01  Zergling x2  
  189  14:02  Zergling x18  
  199  14:24  Baneling x5  
  199  14:25  Baneling x14  
  199  14:27  Baneling  
  199  14:28  Baneling  
  199  14:33  Hatchery  
  198  14:40  Ultralisk Cavern  
  197  14:53  Brood Lord  
  199  15:02  Unknown  
  199  15:07  Baneling x11  
  199  15:08  Baneling  
  199  15:14  Overseer x2  
  197  15:30  Baneling x5  
  197  15:31  Baneling x13  
  94  15:46  Corruptor  
  94  15:47  Corruptor  
  94  15:48  Zergling x18  
  94  15:49  Zergling x28  
  110  16:02  Ultralisk  
  107  16:06  Corruptor x2  
  110  16:11  Corruptor  
  110  16:12  Corruptor  
  95  16:30  Brood Lord  
  95  16:32  Brood Lord  
  104  16:34  Corruptor  
Show
View Real Time Build Order
Export as new Build Order

Musumeci Zerg - Winner!

Build Orders: Hatch First 

Get SALT Encoding   

  12  0:01  Drone  
  13  0:08  Drone  
  14  0:17  Drone, Extractor  
  15  0:23  Overlord  
  15  0:30  Extractor  
  15  0:32  Drone, Extractor  
  16  0:41  Drone  
  17  0:57  Hatchery  
  17  0:58  Drone  
  17  1:13  Spawning Pool  
  17  1:14  Extractor  
  17  1:17  Drone  
  16  1:21  Drone  
  16  1:24  Drone  
  18  1:29  Drone  
  19  1:39  Overlord  
  19  1:49  Drone  
  20  2:01  Queen  
  20  2:02  Zergling x2  
  23  2:09  Queen  
  23  2:13  Drone x2  
  27  2:17  Metabolic Boost  
  27  2:21  Drone  
  28  2:24  Drone  
  29  2:31  Drone  
  29  2:36  Baneling Nest  
  29  2:42  Queen  
  31  2:48  Overlord  
  31  2:54  Drone  
  31  2:55  Drone  
  33  3:03  Drone x3  
  36  3:09  Drone x2  
  36  3:10  Drone  
  38  3:25  Drone  
  38  3:26  Drone  
  40  3:31  Drone  
  41  3:34  Zergling x2  
  41  3:35  Zergling x2  
  41  3:38  Hatchery  
  41  3:39  Zergling x4  
  44  3:53  Baneling x2  
  44  3:54  Overlord  
  44  3:56  Overlord  
  44  4:18  Drone  
  44  4:19  Drone x7  
  52  4:33  Lair  
  52  4:34  Extractor, Roach Warren  
  52  4:37  Evolution Chamber  
  48  4:53  Drone x4  
  48  4:58  Drone  
  48  4:59  Drone x3  
  56  5:04  Drone x3, Extractor  
  58  5:08  Zerg Missile Weapons Level 1  
  58  5:14  Overlord  
  58  5:16  Roach x4  
  66  5:22  Overlord x2  
  66  5:33  Roach x4  
  66  5:35  Overlord  
  74  5:39  Baneling x2  
  74  5:42  Roach x6  
  84  6:05  Roach  
  84  6:06  Roach x6  
  84  6:07  Overlord  
  98  6:12  Extractor  
  98  6:14  Glial Reconstitution  
  96  6:38  Roach x7  
  84  6:47  Zergling x14  
  89  6:59  Evolution Chamber  
  86  7:01  Evolution Chamber  
  86  7:04  Evolution Chamber  
  86  7:08  Baneling x10  
  80  8:10  Roach x9  
  93  8:30  Roach x5  
  97  8:34  Zerg Missile Weapons Level 2  
  97  8:40  Drone x3  
  88  8:47  Overlord  
  88  8:48  Overlord x2  
  82  8:49  Ravager  
  82  8:54  Spore Crawler x2  
  81  8:56  Spore Crawler x2  
  81  8:58  Spore Crawler x3  
  81  9:01  Spore Crawler  
  75  9:03  Spore Crawler x2  
  75  9:05  Roach  
  75  9:06  Roach x12  
  99  9:17  Hydralisk Den  
  98  9:18  Drone x5  
  98  9:19  Spore Crawler  
  102  9:40  Spore Crawler  
  102  9:41  Overlord x2  
  102  9:42  Overlord x2  
  101  9:47  Muscular Augments  
  101  9:54  Extractor  
  100  10:07  Spore Crawler  
  100  10:12  Hydralisk x8  
  115  10:18  Drone, Extractor  
  115  10:19  Drone x3  
  115  10:20  Drone x4  
  122  10:24  Overlord  
  122  10:26  Overlord x2  
  122  10:34  Overlord  
  122  10:35  Overlord  
  120  10:54  Hydralisk x4  
  120  10:55  Hydralisk x7  
  142  11:07  Roach  
  142  11:08  Roach x6  
  156  11:30  Zerg Ground Armor Level 1  
  156  11:36  Drone x3  
  156  11:38  Zergling x2  
  160  11:41  Roach  
  160  11:42  Overlord x3  
  160  11:43  Overlord x2  
  160  12:21  Roach  
  160  12:22  Roach x15  
  186  12:34  Infestation Pit  
  185  12:47  Hatchery, Extractor  
  185  12:49  Extractor  
  182  13:02  Roach x2  
  182  13:03  Roach x3  
  190  13:29  Pathogen Glands  
  190  13:37  Zerg Ground Armor Level 2  
  188  14:05  Infestor x6  
  200  14:12  Burrow  
  200  14:21  Overseer  
  200  14:24  Overseer  
  200  14:32  Hive  
  199  15:24  Infestor  
  199  15:25  Infestor  
  107  15:47  Roach x8  
  107  15:48  Roach x12  
  108  16:04  Hydralisk x14  
  108  16:05  Hydralisk  
  108  16:08  Infestor x2  
  108  16:09  Infestor x3  
  134  16:29  Overseer  
  134  16:33  Hydralisk x3  
Tags
 
Add a new tag
Caveats
  • Supply blocks, unpowered buildings, or Contaminate may cause inaccurate times.
  • Supply counts are checked every 10 seconds.